 Dungeon Crawl Stone Soup version 0.19-a0-1851-g3228ea0 (webtiles) character file.

212 tyvek the Insei (level 5, 0/40 HPs)
             Began as a Draconian Transmuter on Oct 10, 2016.
             Slain by Sigmund
             ... wielding a +0 scythe
              (6 damage)
             ... on level 3 of the Dungeon.
             The game lasted 00:05:21 (2602 turns).

tyvek the Insei (Draconian Transmuter)              Turns: 2602, Time: 00:05:21

Health: 0/40       AC:  6    Str: 12    XL:     5   Next: 58%
Magic:  2/8        EV: 12    Int: 14    God:
Gold:   77         SH:  0    Dex: 12    Spells: 2 memorised, 5 levels left

rFire  . . .     SeeInvis .       - Unarmed
rCold  . . .     Gourm    .     (armour unavailable)
rNeg   . . .     Faith    .     (no shield)
rPois  .         Spirit   .     (helmet restricted)
rElec  .         Dismiss  .     (no cloak)
rCorr  .         Reflect  .     p - +0 pair of gloves
MR     .....     Harm     .     (no boots)
Stlth  +.........               (no amulet)
                                (no ring)
                                (no ring)

@: exhausted, appendage (expiring), slowed, very slow
A: unfitting armour, horns 2, cold-blooded, AC +5
a: End Transformation


You were on level 3 of the Dungeon.
You were not hungry.
You had grown temporary horns.
You visited 1 branch of the dungeon, and saw 3 of its levels.

You collected 77 gold pieces.


Innate Abilities, Weirdness & Mutations

Your plain brown scales are hard. (AC +5)
You cannot fit into any form of body armour.
You are cold-blooded and may be slowed by cold attacks.
You have a pair of horns on your head.


   Skills:
 - Level 1.1 Fighting
 - Level 1.7 Dodging
 * Level 5.5 Unarmed Combat
 - Level 2.0 Spellcasting
 + Level 3.6 Transmutations


You had 5 spell levels left.
You knew the following spells:

 Your Spells              Type           Power        Failure   Level  Hunger
t - Sticks to Snakes      Tmut           ##......     10%         2    ###....
z - Beastly Appendage     Tmut           ##....       6%          1    ##.....

Inventory:

Missiles
 a - 21 arrows
Armour
 p - a +0 pair of gloves (worn)
Scrolls
 e - a scroll of enchant weapon {unknown}
 h - 2 scrolls of remove curse {@r2}
 l - a scroll of amnesia
Potions
 f - a potion of lignification {!q}
 g - a potion of ambrosia {unknown}
 k - a potion of berserk rage {!q}
 m - a potion of magic {unknown}
 n - a potion of cure mutation {unknown}
 o - a potion of heal wounds {unknown}
Books
 b - a book of Changes

   Spells                             Type                      Level
   a - Beastly Appendage              Transmutation                1
   b - Sticks to Snakes               Transmutation                2
   c - Spider Form                    Transmutation/Poison         3
   d - Ice Form                       Ice/Transmutation            4
   e - Blade Hands                    Transmutation                5
Comestibles
 c - 4 bread rations {@e1}
 d - 7 chunks of flesh
 j - a beef jerky {@e2}
 q - 2 meat rations {@e1}

Dungeon Overview and Level Annotations

Branches:
Dungeon (3/15)

Altars:
Vehumet
Xom

Annotations:
D:3 Sigmund

##.#..##..#.#.# #.#
#.# #.#
..............# #.#
#.# #.#
##..#.##..#.### #.#
#.# #.#
.#..#.###.#.#####.#
#.#
.#..#.###.#.......#
#.#
.#..#.#...........#
#.# ####..
.#..#.#...........#
#.# #....^
.#..#.#........S..#
#.# ##.....
.#..####'####..{@.#
#.# #...... ##
#.......#####.# #.#
#...... ###._.#####
#.# #.# #......
#.......#.# #.# #.#
#...... ####'####.#
#.# #.###...... #..#
#.###.#####.....#####
##.#
#.##.......###### #.#
#..#.......# #.#
##.#......รท# ..#


You could see a friendly ball python (wandering).


Message History

What are your orders? t - Shout!
Orders for allies: a - Attack new target. r - Retreat! s - Stop attacking. g - Guard the area. f - Follow me.
Anything else - Cancel.
Gang up on whom?
Press: ? - help, Dir - move target cursor, f - Sigmund
Aim: Sigmund, wielding a scythe and wearing a robe (lightly wounded, constricted by your ball python) Attack!
Your ball python bites Sigmund.
Your ball python constricts Sigmund.
Your ball python bites Sigmund.
Sigmund closely misses you.
You hit Sigmund.
Sigmund is moderately wounded.
Your ball python withers and dies!
Your ball python bites Sigmund.
Your ball python constricts Sigmund.
Your ball python bites Sigmund.
Your ball python constricts Sigmund.
You completely miss Sigmund. You headbutt Sigmund! You punch Sigmund.
Sigmund is almost dead.
Sigmund gestures wildly while chanting.
Sigmund flickers and vanishes!
Deactivating autopickup; reactivate with Ctrl-A.
Your ball python bites something.
Your ball python constricts something.
Something hits you!
* * * LOW HITPOINT WARNING * * *
Your ball python bites something.
Your ball python constricts something.
You barely miss something.
Your transformation is almost over.
Your ball python bites something but does no damage.
Your ball python constricts something.
Something hits you.
You die...

Skill      XL: |  1  2  3  4 |
---------------+-------------+-----
Unarmed Combat | 4 5 |  5.5
Transmutations | 3 |  3.6
Fighting       | |  1.1
Dodging        | |  1.7
Spellcasting   | |  2.0

Action                   |  1- 3 |  4- 6 || total
-------------------------+-------+-------++-------
Melee: Unarmed           |   139 |   148 ||   287
       Headbutt          |     7 |     2 ||     9
       Tailslap          |    16 |    18 ||    34
       Punch             |     5 |     3 ||     8
       Kick              |       |     7 ||     7
 Cast: Beastly Appendage |     8 |     7 ||    15
       Sticks to Snakes  |       |     3 ||     3
  Use: Scroll            |       |     5 ||     5
       Potion            |       |     4 ||     4
 Stab: Sleeping          |       |     2 ||     2
  Eat: Chunk             |     2 |     4 ||     6
Armor: Skin              |    63 |    52 ||   115
Dodge: Dodged            |   125 |    75 ||   200

Vault maps used:
D:1:      minmay_arrival_checkered_box
D:2:      minmay_wonky_spiral, marbit_many_paths, corexii_hall_statues_u,
          uniq_robin
D:3:      kennysheep_the_goblin_king, first_bread, led_xom_imps, uniq_sigmund

Notes
Turn   | Place    | Note
-------+----------+-------------------------------------------
     0 | D:1      | tyvek the Draconian Transmuter began the quest for the Orb.
     0 | D:1      | Reached XP level 1. HP: 16/16 MP: 3/3
    93 | D:1      | Reached XP level 2. HP: 13/23 MP: 5/5
   776 | D:2      | Learned a level 2 spell: Sticks to Snakes
   849 | D:2      | Reached XP level 3. HP: 24/28 MP: 6/6
   855 | D:2      | Noticed Robin
   886 | D:2      | Killed Robin
   886 | D:2      | Reached skill level 4 in Unarmed Combat
  1402 | D:2      | Reached XP level 4. HP: 21/35 MP: 7/7
  1907 | D:2      | Reached skill level 3 in Transmutations
  2017 | D:2      | Found a radiant altar of Vehumet.
  2423 | D:3      | Noticed a bullfrog
  2431 | D:3      | Killed a bullfrog
  2431 | D:3      | Reached skill level 5 in Unarmed Combat
  2431 | D:3      | Reached XP level 5. HP: 30/40 MP: 8/8
  2463 | D:3      | Found a shimmering altar of Xom.
  2553 | D:3      | Noticed Sigmund
  2592 | D:3      | HP: 3/60 [something (10)]
  2602 | D:3      | Slain by Sigmund

Vanquished Creatures
  A bullfrog (D:3)
  A crimson imp (D:3)
  Robin (D:2)
  2 adders (D:2)
  2 oozes
  A worm (D:3)
  A dart slug (D:1)
  2 ball pythons
  4 giant cockroaches (D:2)
  13 goblins
  8 hobgoblins
  10 jackals
  6 bats
  8 frilled lizards
  8 kobolds
  7 rats
75 creatures vanquished.
